 Dungeon Crawl Stone Soup version 0.30-a0-331-g8ab09dc110 (webtiles) character file.

Game seed: 5580052263099903763

60 hikkokomori the Chiller (level 3, -7/26 HPs)
             Began as a Demigod Ice Elementalist on Oct 30, 2022.
             Killed by an exploding Terence (28 damage)
             ... ignited by their inner flame
             ... on level 2 of the Dungeon.
             The game lasted 00:03:13 (1673 turns).

hikkokomori the Chiller (Demigod Ice Elementalist)  Turns: 1673, Time: 00:03:13

Health: -7/26      AC:  2    Str:  9    XL:     3   Next: 57%
Magic:  4/9        EV: 12    Int: 21    God:
Gold:   95         SH:  0    Dex: 14    Spells: 6/7 levels left

rFire   . . .      SeeInvis .    g - +0 dagger
rCold   . . .      Faith    .    (no shield)
rNeg    . . .      Spirit   .    a - +0 robe
rPois   .          Reflect  .    (no helmet)
rElec   .          Harm     .    (no cloak)
rCorr   .          Rampage  .    (no gloves)
Will    .....                    (no boots)
Stlth   ++........               e - amulet of the acrobat
HPRegen 0.24/turn                (no ring)
MPRegen 0.11/turn                (no ring)

@: attractive, very slightly contaminated
A: high MP 1, forlorn, divine attributes
a: no special abilities


You were on level 2 of the Dungeon.
You visited 1 branch of the dungeon, and saw 2 of its levels.

You collected 95 gold pieces.

Inventory:

Hand Weapons
 g - a +0 dagger (weapon)
Armour
 a - a +0 robe (worn)
Jewellery
 e - an amulet of the acrobat (around neck)
Potions
 b - a potion of magic
 d - 2 potions of curing


   Skills:
 - Level 1.7 Dodging
 - Level 1.7 Stealth
 + Level 2.8 Spellcasting
 + Level 4.3 Ice Magic


You had 6 spell levels left.
You knew the following spells:

 Your Spells              Type           Power      Damage    Failure   Level
a - Freeze                Ice            84%        1d9       2%          1

Your spell library contained the following spells:

 Spells                   Type           Power      Damage    Failure   Level
 Frozen Ramparts          Ice            42%        1d7       7%          3
 Ozocubu's Armour         Ice            21%        N/A       7%          3
 Ensorcelled Hibernation  Hex/Ice        24%        N/A       9%          2
 Passwall                 Tmut/Erth      1%         N/A       21%         2
 Call Canine Familiar     Summ           2%         N/A       38%         3
 Portal Projectile        Hex/Tloc       4%         N/A       38%         3
 Swiftness                Air            2%         N/A       38%         3
 Summon Ice Beast         Ice/Summ       12%        N/A       50%         4
 Leda's Liquefaction      Hex/Erth       1%         N/A       80%         4


Dungeon Overview and Level Annotations

Branches:
Dungeon (2/15)


Innate Abilities, Weirdness & Mutations

You have an increased reservoir of magic. (+10% MP)
You shall have no god before yourself.
Your divine heritage dramatically boosts your attributes as you level up.


Message History

You freeze Terence.
Terence is moderately wounded.
Terence misses you.
You freeze Terence.
Terence is heavily wounded.
Terence hits you with a +2 vampiric falchion.
Terence draws strength from your wounds!
You miscast Freeze.
You are very lightly contaminated with residual magic.
Nothing appears to happen.
Terence hits you but does no damage.
You freeze Terence.
Terence is heavily wounded.
Terence hits you with a +2 vampiric falchion!
Terence draws strength from your wounds!
You are too injured to fight recklessly!
You are too injured to fight recklessly!
Okay, then.
It was a potion of curing.
You feel better. Terence closely misses you.
It was a potion of attraction.
You feel attractive to monsters. Terence barely misses you.
As you read the scroll labelled ZUAVIR VOERESU, it crumbles to dust.
The creatures around you are filled with an inner flame!
It was a scroll of immolation.
Terence closely misses you.
As you read the scroll labelled IRONGI SUGU, it crumbles to dust.
You assume a fearsome visage.
Terence looks frightened!
It was a scroll of fear.
Terence is attracted toward you.
Casting: Freeze (safe; 2% risk of failure)
Confirm with . or Enter, or press ? or * to list all spells.
Aiming: Freeze (safe; 2% risk of failure)
Press: ? - help, Shift-Dir - straight line, f/p - Terence
Aim: Terence, wielding a +2 vampiric falchion and wearing a +0 scale mail (moderately wounded, inner flame, fleeing)
You freeze Terence.
Flame seeps out of Terence.
Your attack snaps Terence out of his fear.
Terence is heavily wounded.
Terence is engulfed in blazing flames.
Terence explodes!
The fiery explosion engulfs you!!
Ouch! That really hurt!
You die...

..........#### #.
###.(......# #.
#.).####.# ########
#. ####..## #.#
#......# #.
.#####.....#
#.###......#####.
...##....##
#.#..............
####.......#
#.#.#############
##.....###.######.#.#
#..††....
##.....#...##.§○@.#.#
##'#######
##.......#.##.#####.#
#....# .'.........#
#.# #....#
##......#####.# #.#
#....#
.......>......# #.#
#..).#
######.######## #)#
#....# # #.# #.#
#....# # #.# #.#
##'### . #.# #.# #.#


There were no monsters in sight!

Vanquished Creatures
  Jessica (D:2)
  Terence (D:2)
  An adder (D:2)
  3 ball pythons
  3 goblins
  2 hobgoblins (D:2)
  6 jackals (D:2)
  A bat (D:1)
  6 frilled lizards
  2 kobolds (D:1)
  A rat (D:2)
27 creatures vanquished.

Notes
Turn   | Place    | Note
-------+----------+-------------------------------------------
     0 | D:1      | hikkokomori the Demigod Ice Elementalist began the quest
                  | for the Orb.
     0 | D:1      | Reached XP level 1. HP: 14/14 MP: 5/5
   190 | D:1      | Noticed a great orb of eyes
   192 | D:1      | Noticed a golden eye
   192 | D:1      | Noticed a floating eye
   192 | D:1      | Noticed a great orb of eyes
   984 | D:2      | Reached XP level 2. HP: 20/20 MP: 1/7
  1265 | D:2      | Reached skill level 4 in Ice Magic
  1457 | D:2      | Noticed Jessica
  1458 | D:2      | Reached XP level 3. HP: 26/26 MP: 2/9
  1482 | D:2      | Killed Jessica
  1662 | D:2      | Noticed Terence
  1673 | D:2      | Killed Terence
  1673 | D:2      | Killed by an exploding Terence... ignited by their inner
                  | flame

Illustrated notes

Levels and vault maps discovered:
D:1:      dpeg_arrival_rhombus, layout_basic,
          hellmonk_ecumenical_altar_watching_god, grunt_decor_one_mirror,
          hangedman_feature_mirror, chequers_serial_rivers_small_3
D:2:      layout_basic, uniq_jessica, uniq_terence

Skill      XL: |  1  2 |
---------------+-------+-----
Spellcasting   | 2 |  2.8
Ice Magic      | 4 |  4.3
Dodging        | |  1.7
Stealth        | |  1.7

Action                   || total
-------------------------++-------
Melee: Unarmed           ||    12
       Dagger            ||     3
 Cast: Freeze            ||    44
  Use: Scroll            ||     2
       Potion            ||     2
Armor: Robe              ||     4
Dodge: Dodged            ||    29

Table legend: (Time is in decaauts)
 A = Elapsed time spent in this place.
 B = Non-inter-level travel time spent in this place.
 C = Inter-level travel time spent in this place.
 D = Time resting spent in this place.
 E = Time spent auto-exploring this place.
 F = Levels seen in this place.
 G = Mean time per level.
                   A        B        C        D        E       F      G
               +--------+--------+--------+--------+--------+-----+--------+
         Total |   1681 |   1654 |     27 |      2 |   1394 |   2 |  840.5 |
       Dungeon |   1681 |   1654 |     27 |      2 |   1394 |   2 |  840.5 |
               +--------+--------+--------+--------+--------+-----+--------+

Top non-repeatable levels by time:
     D:2: 844 daAuts
     D:1: 837 daAuts
